 Seeded DCSS version 0.31-a0-210-gccc998df9b (webtiles) character file.

Game seed: 8113056780134302019 (custom seed)

60 innerfire43 the Trooper (level 3, 0/29 HPs)
             Began as a Demonspawn Monk on June 30, 2023.
             Succumbed to an adder's poison
             ... on level 2 of the Dungeon.
             The game lasted 00:02:03 (734 turns).

innerfire43 the Trooper (Demonspawn Monk)            Turns: 734, Time: 00:02:04

Health: 0/29       AC:  3    Str: 13    XL:     3   Next: 80%
Magic:  3/3        EV: 13    Int: 11    God:
Gold:   36         SH:  0    Dex: 15    Spells: 2/2 levels left

rFire   . . .        a - +0 hand axe
rCold   . . .        d - orb {light}
rNeg    . . .        b - +0 robe
rPois   .            h - +0 helmet
rElec   .            (no cloak)
rCorr   .            (no gloves)
SInv    +            (no boots)
Will    .....        (no amulet)
Stlth   +            e - ring of see invisible
HPRegen 0.24/turn    (no ring)
MPRegen 0.08/turn

%: no passive effects
@: lethally poisoned (0 -> -1), weak-willed, glowing
A: demonic touch 1
a: no special abilities


You were on level 2 of the Dungeon.
You visited 1 branch of the dungeon, and saw 2 of its levels.

You collected 36 gold pieces.

Inventory:

Hand Weapons
 a - a +0 hand axe (weapon)
Armour
 b - a +0 robe (worn)
 d - an orb of light (worn)
 f - the +0 pair of gloves of Sotoequw {Dex+3}
   (You acquired it on level 1 of the Dungeon)

   Dex:       It affects your dexterity (+3).
 h - a +0 helmet (worn)
Jewellery
 e - a ring of see invisible (left hand)
Scrolls
 g - a scroll of vulnerability
 i - a scroll of fog {unknown}
 j - 3 scrolls of teleportation {unknown}
 k - a scroll of blinking {unknown}


   Skills:
 + Level 3.6 Fighting
 + Level 3.2 Axes
 * Level 3.4 Dodging


You had 2 spell levels left.
You didn't know any spells.
Your spell library was empty.

Dungeon Overview and Level Annotations

Branches:
Dungeon (2/15)

Altars:

Shops:
D:1 ?


Innate Abilities, Weirdness & Mutations

Your touch may inflict minor irresistible damage on your foes.


Message History

You feel sick.
Unknown command.
* * * LOW HITPOINT WARNING * * *
You feel sick. The adder bites you.
* * * LOW HITPOINT WARNING * * *
The adder barely misses you.
You miss the adder.
The adder is almost dead.
You feel sick. The adder bites you.
* * * LOW HITPOINT WARNING * * *
You are lethally poisoned!
The adder poisons you!
Unknown command.
You feel less invigorated.
You feel less confused.
You feel sick. The adder bites you.
* * * LOW HITPOINT WARNING * * *
Unknown command.
You slash the adder!
You kill the adder!
* * * LOW HITPOINT WARNING * * *
You feel sick.
Unknown command.
* * * LOW HITPOINT WARNING * * *
You feel sick.
Things that are here:
a +0 club; a goblin corpse
There is a lethal amount of poison in your body!
* * * LOW HITPOINT WARNING * * *
You feel sick.
* * * LOW HITPOINT WARNING * * *
You feel sick.
* * * LOW HITPOINT WARNING * * *
You feel sick.
You aren't carrying any potions.
As you read the scroll labelled YGAPRYER YRCHUREC, it crumbles to dust.
Magic quickly surges around you.
It was a scroll of vulnerability.
* * * LOW HITPOINT WARNING * * *
You feel sick.
You die...

.## ...#.# #........
...?. #.......# ....
###.#..##.# ..[#
......##.# ...# #
#.#..##.# ...##..
#.......#####.....>.
##..#..............
##.........@........
#...................
#.....#######..$..<.
#.....# ...##..
##...## ...# # ###.#
...# ###### #.# ...#
.....####.# ...#
#.........#


There were no monsters in sight!

Vanquished Creatures
  A gnoll (D:1)
  2 adders (D:2)
  2 dart slugs (D:1)
  5 bats (D:1)
  2 endoplasms (D:1)
  3 giant cockroaches (D:1)
  4 goblins
  2 kobolds (D:1)
  A quokka (D:1)
  3 ball pythons
  A rat (D:1)
26 creatures vanquished.

Notes
Turn   | Place    | Note
-------+----------+-------------------------------------------
     0 | D:1      | innerfire43 the Demonspawn Monk began the quest for the
                  | Orb.
     0 | D:1      | Reached XP level 1. HP: 18/18 MP: 1/1
   123 | D:1      | Gained mutation: Your touch may inflict minor irresistible
                  | damage on your foes. [demonic ancestry]
   123 | D:1      | Reached XP level 2. HP: 24/24 MP: 2/2
   269 | D:1      | Reached XP level 3. HP: 15/29 MP: 3/3
   281 | D:1      | Identified a scroll of acquirement
   281 | D:1      | Acquired the +0 pair of gloves of Sotoequw {Dex+3}
   442 | D:1      | Found Ponycs's Magic Scroll Shop.
   721 | D:2      | HP: 1/29 [adder (2)]
   733 | D:2      | HP: 1/29 [poisoned by an adder]
   734 | D:2      | Succumbed to an adder's poison

Illustrated notes

Levels and vault maps discovered:
D:1:      roderic_crossed_star, layout_rooms, serial_shops, nicolae_diamond_shop
D:2:      layout_loops_cross

Skill      XL: |  1  2 |
---------------+-------+-----
Axes           | 3 |  3.2
Dodging        | 3 |  3.4
Fighting       | |  3.6

Action                     || total
---------------------------++-------
  Melee: Hand axe          ||    84
    Use: Scroll            ||     2
         Potion            ||     1
 Armour: Robe              ||    17
  Dodge: Dodged            ||    57

Table legend: (Time is in decaauts)
 A = Elapsed time spent in this place.
 B = Non-inter-level travel time spent in this place.
 C = Inter-level travel time spent in this place.
 D = Time resting spent in this place.
 E = Time spent auto-exploring this place.
 F = Levels seen in this place.
 G = Mean time per level.
                   A        B        C        D        E       F      G
               +--------+--------+--------+--------+--------+-----+--------+
         Total |    745 |    705 |     40 |      0 |    502 |   2 |  372.5 |
       Dungeon |    745 |    705 |     40 |      0 |    502 |   2 |  372.5 |
               +--------+--------+--------+--------+--------+-----+--------+

Top non-repeatable levels by time:
     D:1: 665 daAuts
     D:2: 79 daAuts
